 Dungeon Crawl Stone Soup version 0.19-a0-1714-gcab94ab (webtiles) character file.

247 dobroeutro the Cudgeler (level 6, -2/39 HPs)
             Began as a Gargoyle Fighter on Sept 28, 2016.
             Was an Initiate of Okawaru.
             Slain by an orc warrior
             ... wielding a +0 short sword
              (5 damage)
             ... on level 6 of the Dungeon.
             The game lasted 00:03:03 (2347 turns).

dobroeutro the Cudgeler (Gargoyle Fighter)          Turns: 2347, Time: 00:03:05

Health: -2/39      AC: 16    Str: 20    XL:     6   Next: 11%
Magic:  6/6        EV:  8    Int:  9    God:    Okawaru [......]
Gold:   157        SH:  9    Dex: 10    Spells: 0 memorised, 5 levels left

rFire  . . .     SeeInvis .     a - +0 flail
rCold  . . .     Gourm    .     r - +4 ring mail
rNeg   + . .     Faith    .     c - +0 shield
rPois  ∞         Spirit   .     (no helmet)
rElec  +         Dismiss  .     (no cloak)
rCorr  .         Reflect  .     w - +0 pair of gloves
MR     .....     Harm     .     (no boots)
Stlth  ..........               (no amulet)
                                (no ring)
                                (no ring)

@: about to teleport
A: negative energy resistance 1, electricity resistance, unbreathing,
petrification resistance, rot immunity, AC +4
a: Renounce Religion


You were on level 6 of the Dungeon.
You worshipped Okawaru.
Okawaru was noncommittal.
You were not hungry.

You visited 1 branch of the dungeon, and saw 5 of its levels.

You collected 157 gold pieces.

Inventory:

Hand Weapons
 a - a +0 flail (weapon)
Armour
 b - a +0 scale mail
 c - a +0 shield (worn)
 r - a +4 ring mail (worn)
 w - a +0 pair of gloves (worn)
Scrolls
 e - 2 scrolls of identify
 g - a scroll of teleportation
 j - a scroll of fog {unknown}
 l - 3 scrolls of remove curse
 p - a scroll of amnesia {unknown}
 q - a scroll of blinking {unknown}
 s - a scroll of enchant weapon {unknown}
 u - a scroll of magic mapping {unknown}
 v - a scroll of recharging {unknown}
Potions
 d - a potion of might
 i - 2 potions of curing {unknown}
 k - a potion of flight {unknown}
 m - 2 potions of mutation
 o - a potion of resistance {unknown}
 t - a potion of cure mutation {unknown}
 z - 2 potions of lignification {unknown}
Comestibles
 f - 3 bread rations
 h - 3 beef jerkies
 n - a slice of pizza


   Skills:
 + Level 4.5 Fighting
 * Level 4.8 Maces & Flails
 + Level 4.3 Armour
 - Level 3.2 Shields


You had 5 spell levels left.
You didn't know any spells.

Dungeon Overview and Level Annotations

Branches:
Dungeon (4/15)
 Temple: D:4-7

Altars:
Okawaru


Innate Abilities, Weirdness & Mutations

You are resistant to torment.
Your stone body is resilient. (AC +4)
You are immune to poison.
You resist negative energy. (rN+)
You are resistant to electric shocks. (rElec)
You can survive without breathing.
You are immune to petrification.
You are immune to rotting.


Message History

The orc priest looks encouraged for a moment.
You block the orc warrior's attack.
As you read the scroll labeled YLLELIRYEC, it crumbles to dust.
You feel blessed for a moment.
It was a scroll of remove curse.
The jackal bites you but does no damage.
The adder barely misses you. You block the jackal's attack.
The orc warrior hits you but does no damage.
The adder bites you but does no damage.
As you read the scroll labeled UCHUVYA YSTRAN, it crumbles to dust.
You feel strangely unstable.
It was a scroll of teleportation.
The jackal completely misses you. The adder closely misses you.
The orc warrior hits you with a short sword!
You hit the jackal.
The jackal is almost dead.
You block the jackal's attack. The adder barely misses you.
The orc priest invokes the aid of Beogh against you.
Beogh smites you!
* * * LOW HITPOINT WARNING * * *
The orc warrior hits you with a short sword.
You die...

.####.####.#####
.o.............#
########.#.###.# #.#.# #.#
## ##.#.# #.# ..# #oo#.#
#.# #># #o##.# #.# #.#
#S##.# #.# #.# #@##.###.#
#.# #holo..#.######
#..####.#######.#..........
#...............#.#.#######
#.#####.#########.###
#.#####.## #.# .........#
#.# ###...#..# #.#
.........# #.#


You could see an orc warrior, an iguana, an orc priest, an adder, 3 orcs and a
jackal.

Vanquished Creatures
  The ghost of Rationalist the Chopper, an amateur MiGl (D:3)
  A jelly (D:6)
  4 adders
  An ooze (D:2)
  2 worms
  3 leopard geckos
  2 orcs
  A ball python (D:3)
  6 giant cockroaches
  8 goblins
  15 hobgoblins
  5 jackals
  2 quokkas (D:3)
  9 bats
  4 frilled lizards
  9 kobolds
  7 rats
80 creatures vanquished.

Notes
Turn   | Place    | Note
-------+----------+-------------------------------------------
     0 | D:1      | dobroeutro the Gargoyle Fighter began the quest for the Orb.
     0 | D:1      | Reached XP level 1. HP: 14/14 MP: 1/1
   117 | D:1      | Reached XP level 2. HP: 12/19 MP: 2/2
   280 | D:1      | Reached XP level 3. HP: 23/23 MP: 3/3
   775 | D:2      | Reached XP level 4. HP: 21/29 MP: 4/4
  1536 | D:3      | Noticed Rationalist's ghost (amateur MiGl)
  1878 | D:3      | Killed Rationalist's ghost
  1878 | D:3      | Reached XP level 5. HP: 15/33 MP: 5/5
  2183 | D:3      | Found an iron altar of Okawaru.
  2194 | D:3      | Became a worshipper of Warmaster Okawaru
  2266 | D:4      | You fall through a shaft for 2 floors!
  2276 | D:6      | Reached XP level 6. HP: 28/39 MP: 6/6
  2341 | D:6      | Noticed an orc warrior
  2347 | D:6      | Slain by an orc warrior

Vault maps used:
D:1:      tarquinn_simple_flora_water_e, minmay_misc_feat_pillars,
          minmay_close_crescents
D:3:      first_bread, kennysheep_okawaru_gauntlet
D:4:      uniq_eustachio
D:6:      slow_altar_2, grunt_temple_overflow_open, serial_shops, shop

Skill      XL: |  1  2  3  4 |
---------------+-------------+-----
Maces & Flails | 3 4 |  4.8
Fighting       | 4 |  4.5
Armour         | 4 |  4.3
Shields        | |  3.2

Action                   |  1- 3 |  4- 6 || total
-------------------------+-------+-------++-------
Melee: Flail             |   156 |   182 ||   338
  Use: Scroll            |       |     3 ||     3
  Eat: Chunk             |       |     5 ||     5
Armor: Scale mail        |   119 |    44 ||   163
       Ring mail         |       |    92 ||    92
Dodge: Dodged            |    53 |    86 ||   139
Block: Shield            |    89 |   154 ||   243
